 Dungeon Crawl Stone Soup version 0.23.2-40-g277498a001 (webtiles) character file.

Game seed: 8949694861857124723

16 Descartes the Scratcher (level 2, -4/12 HPs)
             Began as a Felid Transmuter on Aug 20, 2019.
             Slain by a gnoll
             ... wielding a +0 spear
              (9 damage)
             ... on level 1 of the Dungeon.
             The game lasted 00:01:53 (699 turns).

Descartes the Scratcher (Felid Transmuter)           Turns: 699, Time: 00:01:54

Health: -4/12      AC:  1    Str:  6    XL:     2   Next: 37%
Magic:  5/6        EV: 18    Int: 14    God:
Gold:   0          SH:  0    Dex: 16    Spells: 4/5 levels left
                                        Lives:  0   Deaths: 0

rFire    . . .     SeeInvis +     - Unarmed
rCold    . . .     Gourm    .   (shield unavailable)
rNeg     . . .     Faith    .   (armour unavailable)
rPois    .         Spirit   .   (helmet unavailable)
rElec    .         Reflect  .   (cloak unavailable)
rCorr    .         Harm     .   (gloves unavailable)
MR       .....                  (boots unavailable)
Stlth    ++........             (no amulet)
HPRegen  0.04/turn              (no ring)
MPRegen  0.10/turn              (no ring)

@: appendage, quick
A: very small, no armour, no weapons or thrown items, stealth, claws 1, fangs 3,
horns 2, see invisible, carnivore, speed 1, shaggy fur 1, slow metabolism 1,
sharp paws
a: End Transformation


You were on level 1 of the Dungeon.
You were completely stuffed.
You had grown temporary horns.
You visited 1 branch of the dungeon, and saw 1 of its levels.

Inventory:

Missiles
 a - 12 arrows
 d - 7 stones
Scrolls
 b - a scroll of remove curse {unknown}
 e - a scroll of identify {unknown}
Potions
 f - a potion of curing {unknown}
Comestibles
 c - 2 rations
 g - a chunk of flesh


   Skills:
 + Level 1.2 Fighting
 + Level 2.8 Dodging
 + Level 0.6 Stealth
 * Level 3.2 Unarmed Combat
 + Level 2.1 Spellcasting
 * Level 2.6 Transmutations


You had 4 spell levels left.
You knew the following spells:

 Your Spells              Type           Power        Failure   Level  Hunger
a - Beastly Appendage     Tmut           #.....       8%          1    ##.....

Your spell library contained the following spells:

 Spells                   Type           Power        Failure   Level  Hunger
 Sticks to Snakes         Tmut           #.......     12%         2    ###....
 Spider Form              Tmut/Pois      #.........   38%         3    ####...
 Ice Form                 Ice/Tmut       #.......     80%         4    #####..
 Blade Hands              Tmut           #.........   91%         5    ######.


Dungeon Overview and Level Annotations

Branches:
Dungeon (1/15)

Altars:


Innate Abilities, Weirdness & Mutations

You cannot wear armour.
You are incapable of wielding weapons or throwing items.
Your paws allow you to move quietly. (Stealth)
You have sharp claws.
You have razor-sharp teeth.
You have supernaturally acute eyesight. (SInv)
You are carnivorous and can eat meat at any time.
You cover ground quickly.
You are covered in fur. (AC +1)
You have a slow metabolism.
Your sharp claws are effective at attacking unaware monsters.
You have a pair of horns on your head.


Message History

a +0 club; a hobgoblin corpse You butcher the hobgoblin corpse.
g - a chunk of flesh
Things that are here:
a +0 club; a hobgoblin skeleton Your transformation is almost over.
You start resting.
Your horns disappear.
Your magical contamination has completely faded away.
You start resting.
The gnoll is too close now for your liking.
Casting: Beastly Appendage (safe; 8% risk of failure)
Confirm with . or Enter, or press ? or * to list all spells.
You grow a pair of large bovine horns.
The gnoll hits you but does no damage. The gnoll closely misses you.
You scratch the gnoll. You bite the gnoll.
The gnoll is moderately wounded.
The gnoll hits you with a +0 spear!
Ouch! That really hurt!
You die...

#.###.#.##.........#
#......#.#.###+###.#
#####...##.# #.# #.#
##.###.# #.###.####
#)# #.###........#
#.# #.##...##.##.##
#.# #.#.....#.#...#
#g###..............
#.@.......###......
#########.##.......
#.###...... #.#
##.....
######.#####...#
#........# #.##
#.####.#.# ## #.#.#
.####.#.#


You could see a gnoll.

Vanquished Creatures
  A dart slug (D:1)
  2 goblins (D:1)
  A hobgoblin (D:1)
  2 jackals (D:1)
  2 kobolds (D:1)
  A bat (D:1)
  A frilled lizard (D:1)
  3 rats (D:1)
13 creatures vanquished.

Notes
Turn   | Place    | Note
-------+----------+-------------------------------------------
     0 | D:1      | Descartes the Felid Transmuter began the quest for the Orb.
     0 | D:1      | Reached XP level 1. HP: 9/9 MP: 4/4
   186 | D:1      | Reached XP level 2. HP: 12/12 MP: 1/6
   699 | D:1      | Slain by a gnoll

Action                   || total
-------------------------++-------
Melee: Unarmed           ||    31
       Bite              ||     6
       Headbutt          ||     3
 Cast: Beastly Appendage ||    14
 Stab: Sleeping          ||     2
  Eat: Chunk             ||     7
Armor: Skin              ||     1
Dodge: Dodged            ||    21
